 Dungeon Crawl Stone Soup version 0.30-a0-918-g0ff054e9dc (webtiles) character file.

Game seed: 4853871776409590135

287 NinjaNoafa the Conjurer (level 6, 0/45 HPs)
             Began as a Draconian Conjurer on Mar 20, 2023.
             Slain by an ogre
             ... wielding a +0 giant club
              (21 damage)
             ... on level 4 of the Dungeon.
             The game lasted 00:07:07 (2738 turns).

NinjaNoafa the Conjurer (Draconian Conjurer)        Turns: 2738, Time: 00:07:07

Health: 0/45       AC:  7    Str:  9    XL:     6   Next: 8%
Magic:  11/12      EV: 12    Int: 21    God:
Gold:   207        SH:  0    Dex:  9    Spells: 10/13 levels left

rFire   . . .      SeeInvis .    a - +0 short sword
rCold   . . .      Faith    .    (no shield)
rNeg    . . .      Spirit   .    (body armour unavailable)
rPois   .          Reflect  .    (helmet restricted)
rElec   .          Rampage  .    (no cloak)
rCorr   .                        r - +0 pair of gloves
Will    .....                    (no boots)
Stlth   ++                       (no amulet)
HPRegen 0.27/turn                (no ring)
MPRegen 0.13/turn                (no ring)

@: no status effects
A: AC +6, unfitting armour, cold-blooded
a: no special abilities


You were on level 4 of the Dungeon.
You visited 1 branch of the dungeon, and saw 4 of its levels.

You collected 207 gold pieces.

Inventory:

Hand Weapons
 a - a +0 short sword (weapon)
Missiles
 m - 5 atropa-tipped darts
Armour
 r - a +0 pair of gloves (worn)
Jewellery
 l - a ring of fire
Scrolls
 d - 2 scrolls of teleportation {unknown}
 e - 3 scrolls of blinking {unknown}
 i - 5 scrolls of identify {unknown}
 j - a scroll of summoning {unknown}
 k - 2 scrolls of enchant armour {unknown}
 q - a scroll of poison {unknown}
Potions
 b - a potion of flight {unknown}
 c - a potion of curing {unknown}
 f - 2 potions of attraction {unknown}
 g - a potion of invisibility {unknown}
 h - a potion of ambrosia {unknown}
 n - a potion of heal wounds {unknown}
 o - a potion of degeneration {unknown}
 p - a potion of magic


   Skills:
 - Level 1.7 Dodging
 - Level 1.7 Stealth
 + Level 4.4 Spellcasting
 + Level 5.9 Conjurations


You had 10 spell levels left.
You knew the following spells:

 Your Spells              Type           Power      Damage    Failure   Level
a - Magic Dart            Conj           100%       1d8       1%          1
b - Searing Ray           Conj           58%        2d6       1%          2

Your spell library contained the following spells:

 Spells                   Type           Power      Damage    Failure   Level
 Dazzling Flash           Conj/Hex       34%        N/A       11%         3
 Ensorcelled Hibernation  Hex/Ice        8%         N/A       17%         2
 Passwall                 Tmut/Erth      3%         N/A       17%         2
 Summon Guardian Golem    Hex/Summ       4%         N/A       34%         3
 Swiftness                Air            4%         N/A       34%         3
 Fulminant Prism          Conj/Hex       8%         3d7       34%         4
 Iskenderun's Mystic Bla  Conj/Tloc      17%        2d5       34%         4
 Blade Hands              Tmut           2%         N/A       97%         5
 Iron Shot                Conj/Erth      8%         9d3       99%         6
 Orb of Destruction       Conj           14%        9d7       100%        7
 Spellforged Servitor     Conj/Summ      8%         N/A       100%        7
 Animate Armour           Summ/Erth      Unusable   N/A       N/A         4

Dungeon Overview and Level Annotations

Branches:
Dungeon (4/15)
 Temple: D:4-7

Altars:
Xom


Innate Abilities, Weirdness & Mutations

Your plain brown scales are hard. (AC +6)
You cannot fit into any form of body armour.
You are cold-blooded and may be slowed by cold attacks.


Message History

You feel sick.
You are no longer poisoned.
r - a +0 pair of gloves You start putting on your armour.
You continue putting on your +0 pair of gloves. x4
You finish putting on your +0 pair of gloves.
i - 5 scrolls labelled TONOHU JEC LEA (gained 1)
You enter the shallow water.
Moving in this stuff is going to be slow.
You pick up a book of Iron and begin reading...
You add the spells Blade Hands and Iron Shot to your library.
There is a fountain of clear blue water here.
You see here a +0 hand axe.
Key pressed, stopping explore.
HP restored.
There is an open door here.
There is an open door here.
You open the door.
There is an open door here.
Key pressed, stopping explore.
As you open the door, it creaks loudly!
There is an open door here.
You open the door.
There is an open door here.
An ogre is nearby!
An ogre is nearby!
An ogre is nearby!
Okay, then.
An ogre is nearby!
An ogre is nearby!
An ogre is nearby!
The magic dart hits the ogre.
The ogre is lightly wounded.
The ogre attacks as you move away!
The ogre hits you with a +0 giant club!!
Ouch! That really hurt!
* * * LOW HITPOINT WARNING * * *
The ogre attacks as you move away!
The ogre hits you with a +0 giant club!!
You die...

....#.....##..#..........#...#...
....#.........#..........#...#...
....#.........######.....#...#...
....#.....##.......#.....###'#...
....#.....##.......#............#
....#.........##+###............#
....+.........##...#............#
....#.....##..##...#............#
.>..#.....######@..#.....########
....#......# #O..#.....#....+..
....#......# ##...#.....#....#..
....'......+ #....#.....'...####
....######## ##...'.....#...##..
....# #...#.....#..>.... ....#
####'#.....#....... ....#
#..........#...####
....###########.....###########..


You could see an ogre.

Vanquished Creatures
  3 orc priests
  Natasha (thrice) (D:3)
  An orc wizard (D:4)
  3 adders
  3 dart slugs
  3 orcs (D:3)
  7 bats
  7 endoplasms
  A giant cockroach (D:3)
  4 goblins
  6 hobgoblins
  4 jackals (D:1)
  6 kobolds
  3 quokkas
  5 ball pythons
  4 frilled lizards
  4 rats
67 creatures vanquished.

Vanquished Creatures (others)
  An orc wizard (D:4)
  A plant (D:3)
2 creatures vanquished.

Grand Total: 69 creatures vanquished

Notes
Turn   | Place    | Note
-------+----------+-------------------------------------------
     0 | D:1      | NinjaNoafa the Draconian Conjurer began the quest for the
                  | Orb.
     0 | D:1      | Reached XP level 1. HP: 14/14 MP: 3/3
   227 | D:1      | Reached XP level 2. HP: 20/20 MP: 1/5
   275 | D:1      | Learned a level 2 spell: Searing Ray
   720 | D:1      | Reached XP level 3. HP: 26/26 MP: 4/7
  1498 | D:3      | Noticed Natasha
  1501 | D:3      | Killed Natasha
  1502 | D:3      | Reached XP level 4. HP: 23/33 MP: 3/8
  1616 | D:3      | Reached skill level 5 in Conjurations
  1749 | D:3      | Noticed Natasha
  1756 | D:3      | Killed Natasha
  1757 | D:3      | Reached XP level 5. HP: 38/38 MP: 2/10
  1765 | D:3      | Noticed Natasha
  1909 | D:3      | Killed Natasha
  2355 | D:4      | Noticed an ogre
  2481 | D:4      | Reached XP level 6. HP: 45/45 MP: 8/12
  2649 | D:4      | Found a shimmering altar of Xom.
  2738 | D:4      | Slain by an ogre

Illustrated notes

Levels and vault maps discovered:
D:1:      beargit_arrival_diablo_church, layout_basic
D:2:      layout_basic
D:3:      layout_basic, serial_bayou_ford_a, uniq_natasha
D:4:      layout_gridville, tgw_xom, uniq_sigmund

Skill      XL: |  1  2  3  4  5 |
---------------+----------------+-----
Spellcasting   | 3 4 |  4.4
Conjurations   | 5 |  5.9
Dodging        | |  1.7
Stealth        | |  1.7

Action                     |  1- 3 |  4- 6 || total
---------------------------+-------+-------++-------
  Melee: Dagger            |     4 |       ||     4
         Unarmed           |     1 |       ||     1
         Short sword       |     8 |     8 ||    16
         Tailslap          |     1 |       ||     1
   Cast: Magic Dart        |    48 |    24 ||    72
         Searing Ray       |     7 |    10 ||    17
    Use: Potion            |       |     1 ||     1
 Armour: Skin              |     5 |     4 ||     9
  Dodge: Dodged            |    10 |    11 ||    21

Table legend: (Time is in decaauts)
 A = Elapsed time spent in this place.
 B = Non-inter-level travel time spent in this place.
 C = Inter-level travel time spent in this place.
 D = Time resting spent in this place.
 E = Time spent auto-exploring this place.
 F = Levels seen in this place.
 G = Mean time per level.
                   A        B        C        D        E       F      G
               +--------+--------+--------+--------+--------+-----+--------+
         Total |   2756 |   2594 |    162 |      0 |   2106 |   4 |  689.0 |
       Dungeon |   2756 |   2594 |    162 |      0 |   2106 |   4 |  689.0 |
               +--------+--------+--------+--------+--------+-----+--------+

Top non-repeatable levels by time:
     D:3: 892 daAuts
     D:1: 858 daAuts
     D:2: 530 daAuts
     D:4: 475 daAuts
